 Dungeon Crawl Stone Soup version 0.29.0-4-gdea44cf6ec (webtiles) character file.

Game seed: 1919548903211613710

81 qw the Ruffian (level 4, -3/35 HPs)
             Began as a Ghoul Enchanter on Sept 5, 2022.
             Slain by a gnoll
             ... wielding a +0 flail
              (11 damage)
             ... on level 3 of the Dungeon.
             The game lasted 00:01:12 (2416 turns).

qw the Ruffian (Ghoul Enchanter)                    Turns: 2416, Time: 00:01:12

Health: -3/35      AC:  7    Str: 13    XL:     4   Next: 40%
Magic:  5/5        EV:  9    Int: 10    God:
Gold:   84         SH:  0    Dex:  9    Spells: 6/6 levels left

rFire   . . .      SeeInvis .     - Unarmed
rCold   + . .      Faith    .   (no shield)
rNeg    + + +      Spirit   .   m - +0 scale mail
rPois   inf        Reflect  .   (no helmet)
rElec   .          Harm     .   (no cloak)
rCorr   .          Rampage  .   (no gloves)
Will    .....                   f - +0 pair of boots
Stlth   +.........              h - amulet of regeneration
HPRegen 0.00/turn               (no ring)
MPRegen 0.09/turn               (no ring)

@: inhibited regen
A: claws 1, cold resistance 1, negative energy resistance 3, inhibited
regeneration, torment resistance 2, devour on kill
a: no special abilities


You were on level 3 of the Dungeon.
You visited 1 branch of the dungeon, and saw 3 of its levels.

You collected 84 gold pieces.


Innate Abilities, Weirdness & Mutations

You are immune to poison.
You have sharp fingernails.
Your flesh is cold resistant. (rC+)
You are immune to negative energy. (rN+++)
You do not regenerate when monsters are visible.
You are immune to unholy pain and torment.
You thrive by killing the living.


   Skills:
 + Level 1.0 Fighting
 - Level 0.8 Short Blades
 - Level 1.7 Dodging
 - Level 3.2 Stealth
 - Level 4.0 Unarmed Combat
 - Level 1.7 Spellcasting
 - Level 2.4 Hexes


You had 6 spell levels left.
You didn't know any spells.
Your spell library contained the following spells:

 Spells                   Type           Power      Damage    Failure   Level
 Ensorcelled Hibernation  Hex/Ice        6%         N/A       83%         2
 Confusing Touch          Hex            5%         N/A       87%         3
 Tukima's Dance           Hex            5%         N/A       87%         3
 Dazzling Flash           Conj/Hex       6%         N/A       96%         3

Inventory:

Armour
 b - the +3 leather armour of the Vacuum {rElec rF+ Str-4 Int+7}
   (You found it on level 3 of the Dungeon)

   Str:       It affects your strength (-4).
   Int:       It affects your intelligence (+7).
   rF:        It protects you from fire.
   rElec:     It insulates you from electricity.
 f - a +0 pair of boots (worn)
 m - a +0 scale mail (worn)
Jewellery
 h - an amulet of regeneration (around neck)
Scrolls
 a - a scroll of identify
 c - a scroll of teleportation {unknown}
Potions
 g - a potion of might {unknown}
 j - a potion of resistance {unknown}
 l - a potion of cancellation {unknown}
 p - 2 potions of curing

Dungeon Overview and Level Annotations

Branches:
Dungeon (3/15)

Altars:

Annotations:
D:1 1 transporter


Message History

2404 ||| Stepping ~*~*~tactically~*~*~ (hiding).
You start waiting.
A gnoll is nearby!
Found a potion of curing.
The gnoll hits you with a +0 flail! The gnoll barely misses you.
2408 ||| Stepping ~*~*~tactically~*~*~ (outnumbered).
The gnoll attacks as you move away! The gnoll hits you with a +0 flail!
The gnoll attacks as you move away! The gnoll hits you with a +0 spear.
The gnoll barely misses you.
You claw the gnoll!
The gnoll is heavily wounded.
The gnoll hits you with a +0 flail.
The gnoll hits you from afar with a +0 spear.
The gnoll hits you with a +0 flail.
2410 ||| DRINKING potion of heal wounds.
You feel much better. The gnoll hits you with a +0 flail!
The gnoll hits you but does no damage. The gnoll misses you.
You scratch the gnoll but do no damage.
The gnoll is heavily wounded.
The gnoll hits you but does no damage. The gnoll closely misses you.
The gnoll hits you but does no damage.
You claw the gnoll!
You kill the gnoll!
You feel better. The gnoll hits you but does no damage.
The gnoll barely misses you.
Your Unarmed Combat skill increases to level 4!
You barely miss the gnoll.
The gnoll hits you from afar with a +0 spear.
The gnoll barely misses you.
You scratch the gnoll.
The gnoll is lightly wounded.
The gnoll hits you but does no damage. The gnoll hits you with a +0 flail.
You scratch the gnoll.
The gnoll is moderately wounded.
The gnoll hits you but does no damage. The gnoll hits you with a +0 flail!
You closely miss the gnoll.
The gnoll is moderately wounded.
The gnoll closely misses you. The gnoll hits you with a +0 flail!
You die...

.....##
.......
.......
.......
......!
##.......
##)g......
#@g.......
###.#.......
#...#.......
###.###.#####.
#.....#.#
#.#.#.#.#
##.#.#.#.#
#.#####..#.#
#..
#.....>.##.#


You could see 2 gnolls.

Vanquished Creatures
  A gnoll (D:3)
  2 adders (D:2)
  A worm (D:2)
  7 ball pythons
  3 bats (D:1)
  2 endoplasms
  2 giant cockroaches
  4 hobgoblins
  4 jackals (D:1)
  3 kobolds
  2 quokkas (D:2)
  8 frilled lizards
  5 goblins
  3 rats
47 creatures vanquished.

Notes
Turn   | Place    | Note
-------+----------+-------------------------------------------
     0 | D:1      | qw the Ghoul Enchanter began the quest for the Orb.
     0 | D:1      | Reached XP level 1. HP: 14/14 MP: 2/2
     0 | D:1      | 0 ||| qw: Version: 0.1-a-104-g96f76f8
     0 | D:1      | 0 ||| qw: Game counter: 5934
     0 | D:1      | 0 ||| qw: Always use a shield: true
     0 | D:1      | 0 ||| qw: God list: Okawaru
     0 | D:1      | 0 ||| qw: Allow faded altars: false
     0 | D:1      | 0 ||| qw: Do Orc after D:15 true
     0 | D:1      | 0 ||| qw: Do second Lair branch before Depths: true
     0 | D:1      | 0 ||| qw: Lair rune preference: random
     0 | D:1      | 0 ||| qw: Plans: Normal
     0 | D:1      | 0 ||| PLANNING D:1-11
     1 | D:1      | 1 ||| DROPPING +1 dagger.
   302 | D:1      | Reached skill level 1 in Unarmed Combat
   409 | D:1      | 409 ||| Stepping ~*~*~tactically~*~*~ (stealth).
   412 | D:1      | 412 ||| Stepping ~*~*~tactically~*~*~ (stealth).
   422 | D:1      | Reached skill level 1 in Fighting
   422 | D:1      | Reached XP level 2. HP: 9/23 MP: 3/3
   423 | D:1      | HP: 5/23 [jackal (3)]
   736 | D:1      | 736 ||| Stepping ~*~*~tactically~*~*~ (stealth).
   747 | D:1      | 747 ||| Stepping ~*~*~tactically~*~*~ (stealth).
   758 | D:1      | 758 ||| Stepping ~*~*~tactically~*~*~ (stealth).
   789 | D:1      | Found a faded altar of an unknown god.
   798 | D:1      | Reached skill level 2 in Unarmed Combat
   960 | D:1      | 960 ||| Stepping ~*~*~tactically~*~*~ (stealth).
  1185 | D:1      | Reached XP level 3. HP: 28/28 MP: 4/4
  1510 | D:1      | 1510 ||| UPGRADING to +0 leather armour.
  1520 | D:1      | 1520 ||| DROPPING +0 robe.
  1521 | D:1      | 1521 ||| UPGRADING to +0 ring mail.
  1531 | D:1      | 1531 ||| DROPPING +0 leather armour.
  1532 | D:1      | 1532 ||| UPGRADING to +0 scale mail.
  1542 | D:1      | 1542 ||| DROPPING +0 ring mail.
  1543 | D:1      | 1543 ||| READING 3 scrolls labelled EDGHEIRCH MEONA.
  1544 | D:1      | 1544 ||| READING 2 scrolls labelled NIJYXI URUMAU.
  1545 | D:1      | 1545 ||| READING scroll labelled EHIMEN LIUMM.
  1546 | D:1      | 1546 ||| READING scroll labelled GEROUCKIUBB.
  1547 | D:1      | 1547 ||| READING scroll labelled IROIF KOTEU.
  1548 | D:1      | 1548 ||| READING scroll labelled QAS WEULETAOH.
  1549 | D:1      | 1549 ||| DRINKING 2 fuming green potions.
  1550 | D:1      | 1550 ||| DROPPING 2 potions of invisibility.
  1551 | D:1      | 1551 ||| DROPPING 2 scrolls of poison.
  1552 | D:1      | 1552 ||| DROPPING scroll of magic mapping.
  1592 | D:2      | Reached skill level 3 in Unarmed Combat
  1992 | D:2      | Reached XP level 4. HP: 35/35 MP: 5/5
  2058 | D:2      | Identified the +9 battleaxe "Vemnipen" {freeze, *Rage
                  | +Blink rPois Str+3}
  2294 | D:2      | 2294 ||| DROPPING scarf of invisibility.
  2295 | D:2      | 2295 ||| UPGRADING to +0 pair of boots.
  2300 | D:2      | 2300 ||| UPGRADING to amulet of regeneration.
  2305 | D:2      | 2305 ||| READING 2 scrolls labelled GENISOPREA.
  2306 | D:2      | 2306 ||| READING scroll labelled GIBEACH HAETIO.
  2307 | D:2      | 2307 ||| READING scroll labelled XUIRIN QEFAOXY.
  2308 | D:2      | 2308 ||| READING scroll labelled COGGUF MIUZOM.
  2309 | D:2      | 2309 ||| DRINKING 2 puce potions.
  2310 | D:2      | 2310 ||| DROPPING scroll of amnesia.
  2370 | D:3      | Identified the +3 leather armour of the Vacuum {rElec rF+
                  | Str-4 Int+7}
  2402 | D:3      | 2402 ||| Stepping ~*~*~tactically~*~*~ (stealth).
  2404 | D:3      | 2404 ||| Stepping ~*~*~tactically~*~*~ (hiding).
  2408 | D:3      | 2408 ||| Stepping ~*~*~tactically~*~*~ (outnumbered).
  2409 | D:3      | HP: 6/35 [gnoll/+0 spear (4)]
  2410 | D:3      | 2410 ||| DRINKING potion of heal wounds.
  2413 | D:3      | Reached skill level 4 in Unarmed Combat
  2415 | D:3      | HP: 8/35 [gnoll/+0 flail (11)]
  2416 | D:3      | Slain by a gnoll

Levels and vault maps discovered:
D:1:      spicycebolla_arrival_risky_transporter, layout_loops_ring,
          chequers_ecumenical_altar_island, minmay_vboxes
D:2:      layout_basic, chequers_serial_rivers_micro_a,
          dreamdust_princess_bridge
D:3:      layout_basic

Skill      XL: |  1  2  3  4 |
---------------+-------------+-----
Unarmed Combat | 1 2 3 4 |  4.0
Fighting       | 1 |  1.0
Short Blades   | |  0.8
Dodging        | |  1.7
Stealth        | |  3.2
Spellcasting   | |  1.7
Hexes          | |  2.4

Action                   |  1- 3 |  4- 6 || total
-------------------------+-------+-------++-------
Melee: Unarmed           |   130 |    20 ||   150
       Punch             |     1 |       ||     1
  Use: Scroll            |     6 |     4 ||    10
       Potion            |     1 |     2 ||     3
 Stab: Sleeping          |     2 |       ||     2
Armor: Robe              |    20 |       ||    20
       Scale mail        |    12 |    11 ||    23
Dodge: Dodged            |    73 |    12 ||    85

Table legend:
 A = Non-vault XP
 B = Vault XP
 C = Vault XP percentage of total XP
 D = Non-vault monster count
 E = Vault monster count
 F = Vault count percentage of total count
                 A         B        C        D         E       F
            +---------+---------+-------+---------+---------+-------
      Total |     110 |       6 |   5.2 |      43 |       4 |   8.5
            +---------+---------+-------+---------+---------+-------
        D:1 |      38 |       6 |  13.6 |      23 |       4 |  14.8
        D:2 |      57 |       0 |   0.0 |      18 |       0 |   0.0
        D:3 |      15 |       0 |   0.0 |       2 |       0 |   0.0
            +---------+---------+-------+---------+---------+-------
